 Dungeon Crawl Stone Soup version 0.28.0-45-g0d030f2227 (webtiles) character file.

Game seed: 8511511519770745785

562 Andrea the Covert (level 7, -3/60 HPs)
             Began as a Gnoll Delver on Apr 6, 2022.
             Slain by a two-headed ogre
             ... wielding a +0 giant club
              (23 damage)
             ... on level 4 of the Dungeon.
             The game lasted 00:10:46 (5985 turns).

Andrea the Covert (Gnoll Delver)                    Turns: 5985, Time: 00:10:47

Health: -3/60      AC:  6    Str: 14    XL:     7   Next: 32%
Magic:  10/10      EV: 12    Int:  9    God:
Gold:   210        SH:  0    Dex: 13    Spells: 10/10 levels left

rFire   . . .      SeeInvis .   d - +3 spear
rCold   . . .      Faith    .   (no shield)
rNeg    . . .      Spirit   .   e - +0 ring mail
rPois   .          Reflect  .   j - +0 helmet
rElec   .          Harm     .   (no cloak)
rCorr   .          Rampage  .   (no gloves)
Will    .....                   (no boots)
Stlth   ++++......              (no amulet)
HPRegen 0.20/turn               (no ring)
MPRegen 0.12/turn               (no ring)

@: no status effects
A: fangs 1, strong nose, distributed training
a: no special abilities


You were on level 4 of the Dungeon.
You visited 1 branch of the dungeon, and saw 5 of its levels.

You collected 210 gold pieces.

Inventory:

Hand Weapons
 d - a +3 spear (weapon)
Missiles
 k - 2 silver javelins (quivered)
 o - 6 boomerangs of dispersal
 s - 3 curare-tipped darts
Armour
 e - a +0 ring mail (worn)
 j - a +0 helmet (worn)
Jewellery
 n - a ring of flight
Wands
 g - a wand of digging (3)
 r - a wand of mindburst (19)
Scrolls
 a - a scroll of identify
 b - a scroll of vulnerability {unknown}
 c - 3 scrolls of fog
 i - a scroll of holy word {unknown}
 p - a scroll of blinking {unknown}
 t - a scroll of summoning {unknown}
Potions
 f - a potion of haste
 h - a potion of invisibility
 l - 2 potions of lignification
 m - a potion of magic {unknown}
 q - 2 potions of flight


   Skills:
 + Level 7.0 Fighting
 + Level 2.4 Short Blades
 + Level 2.4 Long Blades
 + Level 2.4 Axes
 + Level 2.4 Maces & Flails
 + Level 5.2 Polearms
 + Level 2.4 Staves
 + Level 2.4 Slings
 + Level 2.4 Bows
 + Level 2.4 Crossbows
 + Level 2.4 Throwing
 + Level 2.4 Armour
 + Level 5.2 Dodging
 + Level 9.9 Stealth
 + Level 2.4 Shields
 + Level 2.4 Unarmed Combat
 + Level 2.4 Spellcasting
 + Level 2.0 Conjurations
 + Level 2.0 Hexes
 + Level 2.0 Summonings
 + Level 2.0 Necromancy
 + Level 2.0 Translocations
 + Level 2.0 Transmutations
 + Level 2.0 Fire Magic
 + Level 2.0 Ice Magic
 + Level 2.0 Air Magic
 + Level 2.0 Earth Magic
 + Level 2.0 Poison Magic
 + Level 2.6 Invocations
 + Level 2.4 Evocations


You had 10 spell levels left.
You didn't know any spells.
Your spell library was empty.

Dungeon Overview and Level Annotations

Branches:
Dungeon (5/15)
 Temple: D:4-7

Altars:
Ashenzari
Nemelex Xobeh
Ru
Wu Jian


Innate Abilities, Weirdness & Mutations

You have very sharp teeth.
Your uncanny sense of smell can sniff out nearby items.
Your experience applies equally to all skills.


Message History

Throw: 4 javelins (silver)
Press: ? - help, Q - select action, (/) - cycle Shift-Dir - straight line, f/p - two-headed ogre
Aim: a two-headed ogre, wielding two +0 giant clubs (lightly wounded, 76% to hit)
You throw a silver javelin.
The silver javelin pierces through the two-headed ogre but does no damage.
The two-headed ogre is lightly wounded.
Throw: 3 javelins (silver)
Press: ? - help, Q - select action, (/) - cycle Shift-Dir - straight line, f/p - two-headed ogre
Aim: a two-headed ogre, wielding two +0 giant clubs (lightly wounded, 76% to hit)
You throw a silver javelin.
The silver javelin pierces through the two-headed ogre.
The two-headed ogre is lightly wounded.
You hit the two-headed ogre.
The two-headed ogre is lightly wounded.
The two-headed ogre barely misses you.
The two-headed ogre hits you with a +0 giant club.
You hit the two-headed ogre.
You bite the two-headed ogre, but do no damage.
The two-headed ogre is moderately wounded.
The two-headed ogre closely misses you. The two-headed ogre barely misses you.
You hit the two-headed ogre.
The two-headed ogre is moderately wounded.
You hit the two-headed ogre.
You bite the two-headed ogre, but do no damage.
The two-headed ogre is heavily wounded.
The two-headed ogre barely misses you. x2
You hit the two-headed ogre. You punch the two-headed ogre.
The two-headed ogre is heavily wounded.
The two-headed ogre barely misses you. The two-headed ogre misses you.
You hit the two-headed ogre.
The two-headed ogre is heavily wounded.
You barely miss the two-headed ogre.
The two-headed ogre is heavily wounded.
The two-headed ogre misses you.
The two-headed ogre hits you with a +0 giant club!!
You hit the two-headed ogre.
The two-headed ogre is heavily wounded.
The two-headed ogre hits you with a +0 giant club!
The two-headed ogre hits you with a +0 giant club!!
You die...

##''##.##............####.#
.......##.###.####.#.(....#
..............####.#..###...
∆ ..#..................(.#
.....###'###...###....>#
.##..# #.# #...# #.....#
.##..###.###.<.###.....#
.##..'.._..'.....O.....##.#
...[.#######....@.........#
.###.# ### #...........####
.###.#######.######.####
....................#
###....############## ######


You could see a two-headed ogre.

Vanquished Creatures
  2 ogres (D:4)
  A necrophage (D:4)
  A howler monkey (D:4)
  An iguana (D:4)
  An orc wizard (D:4)
  A hound skeleton (D:4)
  11 adders
  An adder skeleton (D:4)
  3 worms
  A dart slug (D:2)
  13 orcs
  11 ball pythons
  5 endoplasms
  A giant cockroach (D:4)
  6 goblins
  9 hobgoblins
  2 quokkas
  4 bats
  5 frilled lizards
  5 kobolds
  4 rats
88 creatures vanquished.

Notes
Turn   | Place    | Note
-------+----------+-------------------------------------------
     0 | D:5      | Reached skill level 9 in Stealth
     0 | D:5      | Andrea the Gnoll Delver began the quest for the Orb.
     0 | D:5      | Reached XP level 1. HP: 23/23 MP: 1/1
    23 | D:4      | Noticed a two-headed ogre
    80 | D:3      | Noticed an orc wizard
   242 | D:2      | Reached XP level 2. HP: 29/29 MP: 2/2
   386 | D:2      | Reached XP level 3. HP: 8/35 MP: 3/3
   705 | D:2      | Reached skill level 1 in Invocations
  1014 | D:2      | Reached skill level 1 in Short Blades
  1014 | D:2      | Reached skill level 1 in Long Blades
  1014 | D:2      | Reached skill level 1 in Axes
  1014 | D:2      | Reached skill level 1 in Maces & Flails
  1014 | D:2      | Reached skill level 1 in Staves
  1014 | D:2      | Reached skill level 1 in Slings
  1014 | D:2      | Reached skill level 1 in Bows
  1014 | D:2      | Reached skill level 1 in Crossbows
  1014 | D:2      | Reached skill level 1 in Throwing
  1014 | D:2      | Reached skill level 1 in Armour
  1014 | D:2      | Reached skill level 1 in Shields
  1014 | D:2      | Reached skill level 1 in Unarmed Combat
  1014 | D:2      | Reached skill level 1 in Spellcasting
  1014 | D:2      | Reached skill level 1 in Evocations
  1230 | D:1      | Reached XP level 4. HP: 41/41 MP: 5/5
  2350 | D:2      | Reached skill level 1 in Conjurations
  2350 | D:2      | Reached skill level 1 in Hexes
  2350 | D:2      | Reached skill level 1 in Summonings
  2350 | D:2      | Reached skill level 1 in Necromancy
  2350 | D:2      | Reached skill level 1 in Translocations
  2350 | D:2      | Reached skill level 1 in Transmutations
  2350 | D:2      | Reached skill level 1 in Fire Magic
  2350 | D:2      | Reached skill level 1 in Ice Magic
  2350 | D:2      | Reached skill level 1 in Air Magic
  2350 | D:2      | Reached skill level 1 in Earth Magic
  2350 | D:2      | Reached skill level 1 in Poison Magic
  3235 | D:3      | Reached XP level 5. HP: 35/47 MP: 6/6
  3790 | D:4      | Noticed a necrophage
  3816 | D:4      | Killed a necrophage
  3817 | D:4      | Reached XP level 6. HP: 37/53 MP: 8/8
  3947 | D:4      | Reached skill level 5 in Polearms
  3947 | D:4      | Reached skill level 5 in Dodging
  5251 | D:4      | Reached XP level 7. HP: 57/59 MP: 10/10
  5620 | D:4      | Found a sacrificial altar of Ru.
  5670 | D:4      | Found an ornate altar of the Wu Jian Council.
  5795 | D:4      | Found a broken altar of Ashenzari.
  5824 | D:4      | Found a sparkling altar of Nemelex Xobeh.
  5985 | D:4      | Slain by a two-headed ogre

Illustrated notes

Levels and vault maps discovered:
D:1:      psy_arrival_spokes, layout_loops_ring, amethyst_killhole
D:2:      minmay_chambers_of_ones, layout_loops_ring, serial_park_tiny_pond,
          corexii_hall_statues_deadend
D:3:      layout_loops_ring
D:4:      cheibrodos_barr_body, layout_loops_ring, mainiacjoe_overflow_alcove_2,
          lemuel_crystal_altar, general_overflow_altar, lemuel_crystal_altar,
          lemuel_doored_altar
D:5:      layout_cave_pods, kennysheep_mini_moat,
          nicolae_overflow_crystal_walls, dk_yredelemnul_ordeal,
          mainiacjoe_overflow_alcove_1, dk_noncrumbling_3,
          hangedman_feature_mirror

Skill      XL: |  1  2  3  4  5  6  7 |
---------------+----------------------+-----
Stealth        | |  9.9
Invocations    | 1 2 |  2.6
Short Blades   | 1 2 |  2.4
Long Blades    | 1 2 |  2.4
Axes           | 1 2 |  2.4
Maces & Flails | 1 2 |  2.4
Staves         | 1 2 |  2.4
Slings         | 1 2 |  2.4
Bows           | 1 2 |  2.4
Crossbows      | 1 2 |  2.4
Throwing       | 1 2 |  2.4
Armour         | 1 2 |  2.4
Shields        | 1 2 |  2.4
Unarmed Combat | 1 2 |  2.4
Spellcasting   | 1 2 |  2.4
Evocations     | 1 2 |  2.4
Conjurations   | 1 2 |  2.0
Hexes          | 1 2 |  2.0
Summonings     | 1 2 |  2.0
Necromancy     | 1 2 |  2.0
Translocations | 1 2 |  2.0
Transmutations | 1 2 |  2.0
Fire Magic     | 1 2 |  2.0
Ice Magic      | 1 2 |  2.0
Air Magic      | 1 2 |  2.0
Earth Magic    | 1 2 |  2.0
Poison Magic   | 1 2 |  2.0
Polearms       | 5 |  5.2
Dodging        | 5 |  5.2
Fighting       | 7 |  7.0

Action                   |  1- 3 |  4- 6 |  7- 9 || total
-------------------------+-------+-------+-------++-------
Melee: Spear             |    90 |   246 |    61 ||   397
       Bite              |     9 |    26 |     9 ||    44
       Punch             |     1 |     6 |     2 ||     9
Throw: Javelin           |       |     2 |     5 ||     7
  Use: Scroll            |     1 |     4 |       ||     5
 Stab: Sleeping          |     5 |    21 |     1 ||    27
       Distracted        |     1 |     1 |     2 ||     4
Armor: Leather armour    |    16 |    13 |       ||    29
       Ring mail         |       |    36 |     7 ||    43
Dodge: Dodged            |    47 |   147 |    25 ||   219
